 Dungeon Crawl Stone Soup version 0.16-a0-3712-g87ae24a (console) character file.

327 MrRokkomies the Insei (level 6, -2/38 HPs)
             Began as an Octopode Transmuter on Jan 20, 2015.
             Slain by an iguana (12 damage)
             ... on level 4 of the Dungeon.
             The game lasted 00:18:36 (3938 turns).

MrRokkomies the Insei (Octopode Transmuter)         Turns: 3938, Time: 00:18:36

Health: -2/38      AC:  1    Str: 10    XL:     6   Next: 50%
Magic:  20/20      EV: 13    Int: 18    God:
Gold:   189        SH:  0    Dex: 12    Spells: 2 memorised, 6 levels left

rFire  . . .     SeeInvis .       - Unarmed
rCold  . . .     Clarity  .     (no shield)
rNeg   . . .     SustAb   .     (helmet restricted)
rPois  .         Gourm    .     (no amulet)
rElec  .         Spirit   .     e - ring of flight
rCorr  .         Warding  .     o - ring of magical power
rMut   .         Stasis   .     s - +1 ring of strength
MR     .....                    (no ring)
Stlth  +++.......               (no ring)
                                (no ring)
                                (no ring)
                                (no ring)

@: appendage, not resistant to hostile enchantments, fairly stealthy
A: almost no armour, amphibious, 8 rings, constrict 8, tentacle spike 3,
camouflage 1, gelatinous body 1
a: End Transformation, Evoke Flight


You were on level 4 of the Dungeon.
You were not hungry.
One of your tentacles had a temporary spike.
You visited 1 branch of the dungeon, and saw 4 of its levels.

You collected 189 gold pieces.

Inventory:

Missiles
 b - 12 arrows
 c - 24 stones (quivered)
 m - 22 arrows of dispersal
 n - 20 poisoned needles
Jewellery
 e - a ring of flight (left tentacle)
 o - a ring of magical power (right tentacle)
 s - a +1 ring of strength (on tentacle)
Magical devices
 r - a wand of slowing (22)
Scrolls
 f - a scroll of enchant armour
 i - a scroll of blinking
 l - 2 scrolls of amnesia
 x - a scroll of noise {unknown}
Potions
 g - a potion of might
 h - a potion of lignification
 p - a potion of resistance {unknown}
 q - 3 potions of curing
 t - a potion of agility {unknown}
 v - a potion of poison {unknown}
Books
 d - a book of Changes

   Spells                             Type                      Level
   a - Beastly Appendage              Transmutation                1
   b - Sticks to Snakes               Transmutation                2
   c - Spider Form                    Transmutation/Poison         3
   d - Ice Form                       Ice/Transmutation            4
   e - Blade Hands                    Transmutation                5
 w - a book of Control

   Spells                             Type                      Level
   a - Control Teleport               Charms/Translocation         4
   b - Control Undead                 Necromancy                   4
   c - Enslavement                    Hexes                        4
   d - Metabolic Englaciation         Hexes/Ice                    5
   e - Mass Confusion                 Hexes                        6
Comestibles
 a - 2 bread rations
 j - a meat ration
 k - a slice of pizza
 u - a beef jerky
 z - a chunk of flesh


   Skills:
 - Level 1.6 Fighting
 - Level 0.2 Throwing
 - Level 3.0 Dodging
 + Level 3.5 Stealth
 * Level 4.6 Unarmed Combat
 - Level 2.5 Spellcasting
 * Level 3.5 Transmutations


You had 6 spell levels left.
You knew the following spells:

 Your Spells              Type           Power        Failure   Level  Hunger
a - Beastly Appendage     Trmt           ###...       4%          1    #......
b - Spider Form           Trmt/Pois      #.........   30%         3    ###....


Dungeon Overview and Level Annotations

Branches:
Dungeon (4/15)
 Temple: D:4-7

Altars:
Ashenzari
Dithmenos
Qazlal
The Shining One


Innate Abilities, Weirdness & Mutations

You cannot wear most types of armour.
You are amphibious.
You can wear up to eight rings at the same time.
You can use your tentacles to constrict many enemies at once.
Your skin changes colour to match your surroundings (Stealth).
Your rubbery body absorbs attacks (AC +1).
One of your tentacles bears a large vicious spike.


Message History

You tentacle-slap the iguana. Your grab misses the iguana.
The iguana is heavily wounded.
The iguana closely misses you.
You tentacle-slap the iguana but do no damage.
You grab the iguana. Your squeeze misses the iguana.
The iguana is heavily wounded.
You constrict the iguana, but do no damage.
The iguana bites you!
You tentacle-slap the iguana but do no damage.
The iguana is heavily wounded.
You constrict the iguana. The iguana bites you!
You tentacle-slap the iguana.
The iguana is severely wounded.
You constrict the iguana. The iguana bites you.
* * * LOW HITPOINT WARNING * * *
You are too injured to fight recklessly!
You tentacle-slap the iguana but do no damage.
The iguana is severely wounded.
You constrict the iguana. The iguana bites you!
You die...

.......# #.#......#
...#..######.#......#
....................+
...#..#.....(###....###
......+.....<..........
...#..#......###........ #.#
.................### ..###.#
..†#..##########.# .......#.#
...##.# #@# .........#.# #####)#
#.l.............#.# #.#
#...............#.#
####.#########...............#.#
#............#..................
##...............................
..................###........†#.#
..................# #####<.#..#.#
.................. #..##.#.#


You could see an iguana.

Vanquished Creatures
  Crazy Yiuf (D:3)
  A hound (D:4)
  2 orc wizards (D:3)
  A worker ant (D:4)
  6 adders
  3 gnolls (D:2)
  A worm (D:3)
  2 giant geckos
  7 orcs (D:3)
  A ball python (D:4)
  13 bats
  A bat skeleton (D:4)
  3 giant cockroaches (D:3)
  6 hobgoblins
  24 jackals
  2 quokkas
  4 giant newts
  8 goblins
  5 kobolds
  7 rats
98 creatures vanquished.

Notes
Turn   | Place    | Note
--------------------------------------------------------------
     0 | D:1      | MrRokkomies, the Octopode Transmuter, began the quest for the Orb.
     0 | D:1      | Reached XP level 1. HP: 13/13 MP: 3/3
   227 | D:1      | Reached XP level 2. HP: 2/18 MP: 2/4
  1015 | D:2      | Reached XP level 3. HP: 19/23 MP: 6/6
  1020 | D:2      | Learned a level 3 spell: Spider Form
  1302 | D:2      | Reached skill level 1 in Stealth
  1603 | D:2      | Reached XP level 4. HP: 10/28 MP: 7/7
  2616 | D:3      | Reached XP level 5. HP: 27/33 MP: 9/9
  2684 | D:3      | Reached skill level 4 in Unarmed Combat
  2836 | D:3      | Found a shattered altar of Ashenzari.
  3091 | D:3      | Noticed Crazy Yiuf
  3101 | D:3      | Killed Crazy Yiuf
  3101 | D:3      | Reached XP level 6. HP: 20/38 MP: 11/11
  3559 | D:4      | Found a shadowy altar of Dithmenos.
  3914 | D:3      | Found a stormy altar of Qazlal.
  3914 | D:3      | Found a glowing golden altar of the Shining One.
  3938 | D:4      | Slain by an iguana

Action                   |  1- 3 |  4- 6 || total
-------------------------+-------+-------++-------
Melee: Unarmed           |    79 |   187 ||   266
Throw: Stone             |    12 |    10 ||    22
 Cast: Beastly Appendage |     6 |     4 ||    10
       Spider Form       |     1 |     7 ||     8
  Use: Scroll            |     8 |     6 ||    14
       Potion            |       |     1 ||     1
 Stab: Sleeping          |     3 |    11 ||    14
  Eat: Chunk             |     2 |     9 ||    11
